AoeStats
← Icewind

Arena

509172111Analyzed
2v2 RM · 8d ago on Sep 25, 2026· 36m 52s· 4 players
Game mode
Random Map
Map size
Medium (4 player)
Population
200
Speed
Normal
Resources
Standard
Victory
Conquest
Starting age
Dark Age
Ending age
Imperial Age
RankedLock teamsTeams togetherTeam positionsShared explorationLock speedFull tech treeHidden civsTurbo modeCheats
Victory
Defeat
🇨🇿 Romans · Czechia
1144
+13
🇨🇿 Franks · Czechia
1112
+15
🇧🇪 Huns · Belgium
1102
-15
🇩🇪 Ethiopians · Germany
1070
-13
Agrone
10:06 Feudal Age
10:35 Double-Bit Axe
10:32 Horse Collar
16:10 Forging
16:06 Scale Barding Armor
20:25 Castle Age
20:53 Scale Mail Armor
20:49 Pikeman
21:43 Light Cavalry
22:54 Bow Saw
23:07 Bloodlines
22:58 Husbandry
26:03 Wheelbarrow
25:35 Heavy Plow
33:17 Imperial Age
31:06 Fletching
31:16 Padded Archer Armor
32:40 Ballistics
32:15 Gold Mining
34:18 Squires
34:32 Thumb Ring
34:28 Bodkin Arrow
34:48 Leather Archer Armor
34:52 Hand Cart
36:20 Chain Mail Armor
Moo Deng
12:10 Feudal Age
12:51 Horse Collar
12:57 Double-Bit Axe
16:44 Loom
19:12 Castle Age
17:52 Fletching
18:33 Scale Mail Armor
18:54 Gold Mining
20:00 Forging
20:35 Wheelbarrow
20:24 Heavy Plow
20:36 Bodkin Arrow
21:48 Bow Saw
21:26 Crossbowman
22:41 Loom
23:59 Padded Archer Armor
25:48 Thumb Ring
27:45 Town Watch
28:41 Hand Cart
32:09 Imperial Age
31:38 Leather Archer Armor
32:51 Chain Mail Armor
32:56 Bracer
32:40 Capped Ram
35:23 Chemistry
34:46 Ballistics
35:06 Ring Archer Armor
Icewind
11:22 Feudal Age
11:50 Double-Bit Axe
16:11 Castle Age
15:28 Horse Collar
15:41 Stone Mining
24:38 Loom
27:06 Heavy Plow
27:42 Bow Saw
27:57 Redemption
28:50 Wheelbarrow
33:20 Imperial Age
30:58 Ballistas
31:31 Hand Cart
34:42 Ballistics
Hugo Tuxovic
10:45 Feudal Age
15:31 Castle Age
15:02 Double-Bit Axe
15:19 Loom
15:45 Loom
28:42 Imperial Age
26:24 Scale Barding Armor
29:26 Fletching
30:16 Cranequins
30:55 Gold Mining
31:31 Bodkin Arrow
32:40 Cavalier
Connection lost

Rejoining the realm…

Still unreachable

The connection could not be restored.

Session expired

The server has moved on; the page needs a fresh start.